 Dungeon Crawl Stone Soup version 0.29-a0-341-g24ffce5b50 (webtiles) character file.

Game seed: 532913880213075607

61 siradein the Magician (level 3, 0/19 HPs)
             Began as a Deep Elf Earth Elementalist on Apr 21, 2022.
             Slain by Terence
             ... wielding a +0 trident
              (9 damage)
             ... on level 3 of the Dungeon.
             The game lasted 00:03:52 (2215 turns).

siradein the Magician (Deep Elf Earth Elementalist) Turns: 2215, Time: 00:03:53

Health: 0/19       AC:  2    Str:  5    XL:     3   Next: 83%
Magic:  5/10       EV: 13    Int: 21    God:
Gold:   113        SH:  0    Dex: 15    Spells: 5/9 levels left

rFire   . . .      SeeInvis +   (no weapon)
rCold   . . .      Faith    .   (no shield)
rNeg    + . .      Spirit   .   b - +0 robe
rPois   .          Reflect  .   (no helmet)
rElec   .          Harm     .   (no cloak)
rCorr   .          Rampage  .   (no gloves)
Will    .....                   (no boots)
Stlth   ++........              (no amulet)
HPRegen 0.06/turn               g - ring of positive energy
MPRegen 0.12/turn               i - ring of see invisible

@: no status effects
A: no striking features
a: no special abilities


You were on level 3 of the Dungeon.
You visited 1 branch of the dungeon, and saw 3 of its levels.

You collected 113 gold pieces.

Inventory:

Missiles
 a - 75 stones
Armour
 b - a +0 robe (worn)
Jewellery
 g - a ring of positive energy (left hand)
 i - a ring of see invisible (right hand)
Scrolls
 e - 2 scrolls of fog {unknown}
 k - a scroll of amnesia {unknown}
 l - a scroll of fear {unknown}
 m - 2 scrolls of teleportation {unknown}
 o - a scroll of blinking {unknown}
Potions
 c - a potion of magic
 d - a potion of attraction {unknown}
 f - a potion of haste {unknown}
 h - 2 potions of curing {unknown}
 j - a potion of degeneration {unknown}
 n - 2 potions of heal wounds {unknown}


   Skills:
 + Level 3.3 Dodging
 + Level 3.4 Stealth
 + Level 3.9 Spellcasting
 - Level 1.1 Transmutations
 + Level 3.8 Earth Magic


You had 5 spell levels left.
You knew the following spells:

 Your Spells              Type           Power      Damage    Failure   Level
a - Sandblast             Erth           40%        2d10      2%          1
b - Stone Arrow           Conj/Erth      24%        3d8       17%         3

Your spell library contained the following spells:

 Spells                   Type           Power      Damage    Failure   Level
 Passwall                 Tmut/Erth      11%        N/A       7%          2
 Petrify                  Tmut/Erth      14%        N/A       41%         4


Dungeon Overview and Level Annotations

Branches:
Dungeon (3/15)

Altars:

Annotations:
D:3 Terence


Message History

a - 83 stones (gained 11)
A frilled lizard is nearby!
A hound skeleton comes into view.
The blast of sand hits the hound skeleton!
The hound skeleton is severely damaged.
The frilled lizard hisses angrily.
The blast of sand hits the hound skeleton!
You destroy the hound skeleton!
The blast of sand hits the frilled lizard!
You kill the frilled lizard!
Terence the Incautious comes into view.
He is wielding a +0 trident.
A scorpion comes into view.
An endoplasm comes into view.
You see here a frilled lizard corpse.
An orc comes into view. It is wielding a +0 club.
Terence shouts!
The endoplasm quivers.
Terence says, "You're history."
You see here a bat corpse.
The blast of sand hits Terence but does no damage.
The blast of sand misses Terence.
Terence barely misses you.
The blast of sand misses Terence.
Terence hits you from afar with a +0 trident.
The blast of sand hits Terence!
Terence is moderately wounded.
Terence hits you from afar with a +0 trident.
You are too injured to fight recklessly!
You are too injured to fight recklessly!
You are too injured to fight recklessly!
You are too injured to fight recklessly!
You are too injured to fight recklessly!
Casting: Sandblast (safe; 2% risk of failure)
Confirm with . or Enter, or press ? or * to list all spells.
Aiming: Sandblast (safe; 2% risk of failure)
Press: ? - help, Shift-Dir - straight line, f/p - Terence
Aim: Terence, wielding a +0 trident and wearing a +0 scale mail (moderately wounded, 83% to hit)
The blast of sand hits Terence!
Terence is almost dead.
Terence hits you from afar with a +0 trident!
You die...

..###....<.....# .##....#.......
..###..###.....###.##....#.....#.
...................##....#.......
###.#....#.#.#...#...#.@...@.....
#........#.......#...#.#####.#...
....#....#.#.#...#.. #.....#.#...
#....#.......#.###.# #.....#.#...
#.#..#..######.###.###.....#.#...
#.#..#.#######..@.@........#.#...
...............###.####....#.#...
##############.###.####....#.#
#..............#.#
#..###.####....#.# #..# ###
#.####.# ....# #.# #.# .###.#
#.####.# .. ### #......#


You could see Terence.

Vanquished Creatures
  A hound skeleton (D:3)
  An adder skeleton (D:3)
  An adder zombie (D:3)
  A worm (D:2)
  2 dart slugs (D:1)
  3 endoplasms
  2 giant cockroaches (D:1)
  2 goblins (D:1)
  3 hobgoblins
  A quokka (D:1)
  4 ball pythons
  4 bats
  5 frilled lizards
  4 kobolds
  3 rats (D:1)
37 creatures vanquished.

Notes
Turn   | Place    | Note
-------+----------+-------------------------------------------
     0 | D:1      | siradein the Deep Elf Earth Elementalist began the quest
                  | for the Orb.
     0 | D:1      | Reached XP level 1. HP: 10/10 MP: 6/6
   311 | D:1      | Reached XP level 2. HP: 15/15 MP: 5/8
  1329 | D:2      | Reached XP level 3. HP: 19/19 MP: 7/10
  1333 | D:2      | Learned a level 3 spell: Stone Arrow
  2177 | D:3      | Noticed Terence
  2180 | D:3      | Noticed a scorpion
  2215 | D:3      | Slain by Terence

Illustrated notes

Levels and vault maps discovered:
D:1:      minmay_arrival_split_and_join, layout_basic, minmay_split_cup_large
D:2:      layout_loops_ring
D:3:      layout_basic, serial_undead, serial_undead_d, serial_undead_f,
          serial_undead_e, serial_undead_a, chequers_ecumenical_altar_twisty,
          due_unseen_surprise, uniq_terence

Skill      XL: |  1  2 |
---------------+-------+-----
Stealth        | 3 |  3.4
Dodging        | 3 |  3.3
Spellcasting   | |  3.9
Transmutations | |  1.1
Earth Magic    | |  3.8

Action                   || total
-------------------------++-------
 Cast: Sandblast         ||    53
Dodge: Dodged            ||     1

Table legend: (Time is in decaauts)
 A = Elapsed time spent in this place.
 B = Non-inter-level travel time spent in this place.
 C = Inter-level travel time spent in this place.
 D = Time resting spent in this place.
 E = Time spent auto-exploring this place.
 F = Levels seen in this place.
 G = Mean time per level.
                   A        B        C        D        E       F      G
               +--------+--------+--------+--------+--------+-----+--------+
         Total |   2213 |   2131 |     82 |      0 |   1888 |   3 |  737.7 |
       Dungeon |   2213 |   2131 |     82 |      0 |   1888 |   3 |  737.7 |
               +--------+--------+--------+--------+--------+-----+--------+

Top non-repeatable levels by time:
     D:1: 1238 daAuts
     D:2: 735 daAuts
     D:3: 239 daAuts
